 Dungeon Crawl Stone Soup version 0.26.1-16-g4e020e15dc (webtiles) character file.

Game seed: 12886728406705112038

199 Mickster the Chopper (level 5, 0/49 HPs)
             Began as a Deep Dwarf Berserker on Feb 12, 2023.
             Was a Believer of Trog.
             Slain by an adder (1 damage)
             ... on level 4 of the Dungeon.
             The game lasted 00:22:05 (4113 turns).

Mickster the Chopper (Deep Dwarf Berserker)         Turns: 4113, Time: 00:22:06

Health: 0/49       AC:  9    Str: 20    XL:     5   Next: 48%
Magic:  5/5        EV:  9    Int:  8    God:    Trog [**....]
Gold:   114        SH:  0    Dex: 13    Spells: 4/4 levels left

rFire    . . .     SeeInvis .   f - +1 hand axe (flame)
rCold    . . .     Faith    .   (no shield)
rNeg     . . .     Spirit   .   l - +0 chain mail
rPois    .         Reflect  .   (no helmet)
rElec    .         Harm     .   (no cloak)
rCorr    .         Rampage  .   (no gloves)
Will     .....                  (no boots)
Stlth    ..........             (no amulet)
HPRegen  0.00/turn              e - ring of wizardry
MPRegen  0.09/turn              (no ring)

@: lethally poisoned (0 -> -1), non-regenerating
A: damage resistance, heal wounds, sense surroundings 1, no regeneration
a: Heal Wounds, Renounce Religion, Berserk, Trog's Hand


You were on level 4 of the Dungeon.
You worshipped Trog.
Trog was pleased with you.
You visited 1 branch of the dungeon, and saw 4 of its levels.

You collected 114 gold pieces.

Inventory:

Hand Weapons
 a - a +1 hand axe
 f - a +1 hand axe of flaming (weapon)
Missiles
 d - 27 stones (quivered)
 i - 62 bolts
 k - 71 arrows
Armour
 b - a +0 animal skin
 c - a +0 leather armour
 j - a +0 scale mail
 l - a +0 chain mail (worn)
Jewellery
 e - a ring of wizardry (left hand)
Wands
 g - a wand of iceblast (7)
 q - a wand of enslavement (10)
Scrolls
 h - 3 scrolls of remove curse
 m - a scroll of fog
 n - a scroll of teleportation
 o - 3 scrolls of identify
 s - a scroll of noise
 t - a scroll of immolation {unknown}
 v - a scroll of blinking {unknown}
Potions
 p - a potion of attraction {unknown}
 r - 2 potions of brilliance {unknown}
 u - a potion of ambrosia {unknown}


   Skills:
 + Level 3.6 Fighting
 + Level 5.2 Axes
 + Level 3.3 Armour
 + Level 2.9 Dodging
 + Level 0.4 Stealth


You had 4 spell levels left.
You didn't know any spells.
Your spell library was empty.

Dungeon Overview and Level Annotations

Branches:
Dungeon (4/15)
 Temple: D:4-7

Altars:
Nemelex Xobeh
Qazlal


Innate Abilities, Weirdness & Mutations

You are resistant to damage.
You can heal yourself by infusing magical energy.
You passively map a small area around you.
You do not regenerate.


Message History

You kill the orc!
Trog accepts your kill.
You barely miss the adder.
* * * LOW HITPOINT WARNING * * *
You feel sick. The adder bites you but does no damage. The hound bites you.
The adder closely misses you.
Your Axes skill increases to level 5!
You slash the hound! You burn the hound.
You kill the hound!
Trog accepts your kill.
You closely miss the adder.
* * * LOW HITPOINT WARNING * * *
You feel very sick. The adder bites you but does no damage.
A leopard gecko comes into view.
* * * LOW HITPOINT WARNING * * *
You feel sick.
The leopard gecko hisses angrily.
The adder barely misses you. The adder bites you.
You die...

, ..,, , ,, ...,
, , , * *
#.########### ,
#l...........,, ,
* #.........B.. *
* #.#(.# * *
.##.#.#..###### ,
,,.......S[)...>#
* ..#.#.#@.####.#
, #.#.<...#, * ,
, # #.#...# ,, *
#......... *
#####.$... * ,*
.#### ** * * ,* *
* * # , , * , ,
**


You could see an adder and a leopard gecko.

Vanquished Creatures
  A hound (D:4)
  Terence (D:2)
  2 worker ants
  2 adders
  2 oozes (D:1)
  2 worms (D:2)
  A dart slug (D:1)
  2 leopard geckos
  7 orcs
  6 bats
  A giant cockroach (D:2)
  5 hobgoblins
  2 jackals (D:2)
  5 kobolds
  A ball python (D:1)
  4 frilled lizards
  7 goblins
  3 rats
54 creatures vanquished.

Notes
Turn   | Place    | Note
-------+----------+-------------------------------------------
     0 | D:1      | Mickster the Deep Dwarf Berserker began the quest for the
                  | Orb.
     0 | D:1      | Reached XP level 1. HP: 20/20 MP: 1/1
    81 | D:1      | Reached XP level 2. HP: 27/27 MP: 2/2
   342 | D:1      | Reached XP level 3. HP: 26/34 MP: 3/3
   536 | D:2      | Reached skill level 4 in Axes
   680 | D:2      | Reached ** piety under Trog
   753 | D:2      | Reached XP level 4. HP: 15/42 MP: 4/4
  2752 | D:2      | Noticed Terence
  2761 | D:2      | Killed Terence
  3051 | D:3      | Found a stormy altar of Qazlal.
  3721 | D:3      | Found a sparkling altar of Nemelex Xobeh.
  4102 | D:4      | Reached XP level 5. HP: 14/49 MP: 5/5
  4112 | D:4      | Reached skill level 5 in Axes
  4112 | D:4      | HP: 2/49 [poisoned by an orc]
  4113 | D:4      | Slain by an adder

Illustrated notes

Levels and vault maps discovered:
D:1:      scummos_arrival_forest, layout_rooms, st_stairs_8,
          grunt_decor_junction, minmay_misc_feat_plants, minmay_hexomino_p4
D:2:      layout_basic, minmay_ruptured, uniq_terence
D:3:      layout_loops_ring, nemelex_xobeh_ov_fountains_minmay,
          serial_park_tiny_1, corexii_corridor_pit, grunt_qazlal_sundering
D:4:      layout_basic, minitemple

Skill      XL: |  1  2  3  4  5 |
---------------+----------------+-----
Fighting       | 3 |  3.6
Axes           | 4 5 |  5.2
Armour         | 3 |  3.3
Dodging        | |  2.9
Stealth        | |  0.4

Action                   |  1- 3 |  4- 6 || total
-------------------------+-------+-------++-------
Melee: Hand axe          |    93 |    67 ||   160
 Abil: Heal Wounds       |     1 |       ||     1
  Use: Scroll            |     6 |       ||     6
       Potion            |       |     3 ||     3
Armor: Leather armour    |    36 |       ||    36
       Chain mail        |       |    48 ||    48
Dodge: Dodged            |    61 |    28 ||    89
